 Dungeon Crawl Stone Soup version 0.19.4-8-ga85b6b9 (webtiles) character file.

54 Ponchio the Skirmisher (level 3, -1/24 HPs)
             Began as a Gargoyle Fighter on Feb 13, 2017.
             Slain by a gnoll
             ... wielding a +0 halberd
              (10 damage)
             ... on level 2 of the Dungeon.
             The game lasted 00:03:45 (1131 turns).

Ponchio the Skirmisher (Gargoyle Fighter)           Turns: 1131, Time: 00:03:46

Health: -1/24      AC: 10    Str: 19    XL:     3   Next: 91%
Magic:  3/3        EV:  7    Int:  8    God:
Gold:   88         SH:  9    Dex: 10    Spells: 0 memorised, 2 levels left

rFire  . . .     SeeInvis .     a - +0 flail
rCold  . . .     Gourm    .     b - +0 scale mail
rNeg   + + .     Faith    .     c - +0 shield
rPois  ∞         Spirit   .     (no helmet)
rElec  +         Reflect  .     (no cloak)
rCorr  .         Harm     .     (no gloves)
MR     .....                    (no boots)
Stlth  ..........               (no amulet)
                                (no ring)
                                n - ring of positive energy

@: no status effects
A: negative energy resistance 1, electricity resistance, unbreathing,
petrification resistance, rot immunity, AC +3
a: no special abilities


You were on level 2 of the Dungeon.
You were not hungry.

You visited 1 branch of the dungeon, and saw 2 of its levels.

You collected 88 gold pieces.

Inventory:

Hand Weapons
 a - a +0 flail (weapon)
Armour
 b - a +0 scale mail (worn)
 c - a +0 shield (worn)
Jewellery
 n - a ring of positive energy (left hand)
Wands
 s - a wand of digging (11/24)
Scrolls
 e - 3 scrolls of identify {unknown}
 g - 2 scrolls of enchant weapon {unknown}
 k - a scroll of amnesia {unknown}
 l - 4 scrolls of remove curse {unknown}
 q - a scroll of teleportation {unknown}
 r - a scroll of immolation {unknown}
Potions
 d - a potion of might
 h - a potion of agility {unknown}
 m - a potion of invisibility {unknown}
 o - a potion of berserk rage {unknown}
 p - a potion of brilliance {unknown}
Comestibles
 f - 2 bread rations
 i - a royal jelly
 j - a meat ration
 t - a chunk of flesh


   Skills:
 + Level 4.2 Fighting
 + Level 3.2 Maces & Flails
 - Level 3.2 Armour
 - Level 3.2 Shields


You had 2 spell levels left.
You didn't know any spells.

Dungeon Overview and Level Annotations

Branches:
Dungeon (2/15)

Altars:
Nemelex Xobeh


Innate Abilities, Weirdness & Mutations

You are resistant to torment.
Your stone body is resilient. (AC +3)
You are immune to poison.
You resist negative energy. (rN+)
You are resistant to electric shocks. (rElec)
You can survive without breathing.
You are immune to petrification.
You are immune to rotting.


Message History

You start eating one of the 2 chunks of flesh.
This raw flesh tastes terrible.
You now have 79 gold pieces (gained 6).
You see here a kobold corpse.
g - 2 scrolls labeled QOUKATW MIUSEELAAK (gained 1)
You now have 88 gold pieces (gained 9). 2 gnolls come into view.
The gnoll shouts! x2
A gnoll comes into view. It is wielding a spear.
The gnoll shouts!
You barely miss the gnoll. You block the gnoll's attack.
You hit the gnoll.
The gnoll is moderately wounded.
The gnoll hits you from afar with a halberd!
Ouch! That really hurt!
You block the gnoll's attack.
You sock the gnoll!
You kill the gnoll!
The gnoll hits you from afar with a halberd!
You die...

.#......#.#....>.....
##...........#######
##....#............ .
###...#.########## #..
##.#...###......
#...#####......##.#####
#..............##.# #
##.........#..# #
#@####....#.## #)#
####.#.# #g# #.#)# #g#
#.#.###### #.#
#####......... ...
........#####. #.#
#####...(..... #..
.............
############.


You could see 2 gnolls.

Vanquished Creatures
  A gnoll (D:2)
  An ooze (D:1)
  2 leopard geckos (D:1)
  2 ball pythons
  3 bats
  3 hobgoblins (D:1)
  4 jackals (D:2)
  5 kobolds
  A quokka (D:2)
  3 frilled lizards (D:1)
  5 goblins
  6 rats
36 creatures vanquished.

Notes
Turn   | Place    | Note
-------+----------+-------------------------------------------
     0 | D:1      | Ponchio the Gargoyle Fighter began the quest for the Orb.
     0 | D:1      | Reached XP level 1. HP: 14/14 MP: 1/1
    53 | D:1      | Reached XP level 2. HP: 19/19 MP: 2/2
   248 | D:1      | Reached skill level 4 in Fighting
   484 | D:1      | Reached XP level 3. HP: 24/24 MP: 3/3
   516 | D:1      | Found a sparkling altar of Nemelex Xobeh.
  1131 | D:2      | Slain by a gnoll

Skill      XL: |  1  2  3 |
---------------+----------+-----
Fighting       | 4 |  4.2
Maces & Flails | 3 |  3.2
Armour         | |  3.2
Shields        | |  3.2

Action                   || total
-------------------------++-------
Melee: Flail             ||   120
  Eat: Chunk             ||     1
Armor: Scale mail        ||    56
Dodge: Dodged            ||    32
Block: Shield            ||    56
